 Dungeon Crawl Stone Soup version 0.24.1 (webtiles) character file.

Game seed: 10996039152488787450, levelgen mode: deterministic

13528 Destapler the Cleaver (level 12, -2/132 HPs)
             Began as an Ogre Berserker on Mar 24, 2020.
             Was a High Priest of Trog.
             Slain by a red ugly thing (13 damage)
             ... on level 11 of the Dungeon.
             The game lasted 00:45:43 (9871 turns).

Destapler the Cleaver (Ogre Berserker)              Turns: 9871, Time: 00:45:44

Health: -2/132     AC:  8    Str: 26    XL:     12   Next: 7%
Magic:  0/12       EV: 13    Int:  8    God:    Trog [*****.]
Gold:   655        SH: 19    Dex: 10    Spells: 11/11 levels left

rFire    . . .     SeeInvis .   a - +4 hand axe
rCold    + . .     Gourm    .   f - +0 large shield
rNeg     . . .     Faith    .   y - +0 robe {rC+}
rPois    .         Spirit   .   (helmet restricted)
rElec    .         Reflect  +   l - +1 cloak {+Inv}
rCorr    .         Harm     .   (gloves unavailable)
MR       +....                  (boots unavailable)
Stlth    ++........             s - +2 amulet of reflection
HPRegen  0.32/turn              j - +3 ring of protection
MPRegen  0.13/turn              r - +4 ring of evasion

@: no status effects
A: large, unfitting armour, tough skin 1
a: Berserk, Trog's Hand, Brothers in Arms, Renounce Religion, Evoke Invisibility


You were on level 11 of the Dungeon.
You worshipped Trog.
Trog was extremely pleased with you.
You were hungry.

You visited 1 branch of the dungeon, and saw 11 of its levels.

You collected 675 gold pieces.
You spent 20 gold pieces at shops.

Inventory:

Hand Weapons
 a - a +4 hand axe (weapon)
 b - the +4 trident of the Puffin {antimagic, rElec rPois rC- SInv}
   (You found it on level 7 of the Dungeon)

   It reduces the magical energy of the wielder, and disrupts the spells and
   magical abilities of those hit.
   Natural abilities and divine invocations are not affected.
   It makes you vulnerable to cold.
   It insulates you from electricity.
   It protects you from poison.
   It lets you see invisible.
 x - a +0 giant spiked club
 G - a +1 war axe of freezing
Missiles
 g - 347 stones
 u - 13 boomerangs
 F - 10 large rocks (quivered)
 L - 8 silver javelins
 M - 3 throwing nets
Armour
 f - a +0 large shield (worn)
 l - a +1 cloak of invisibility (worn)
 y - a +0 robe of cold resistance (worn)
Jewellery
 j - a +3 ring of protection (left hand)
 r - a +4 ring of evasion (right hand)
 s - a +2 amulet of reflection (around neck)
Wands
 p - a wand of disintegration (19)
 q - a wand of enslavement (13)
 w - a wand of polymorph (9)
 H - a wand of acid (4)
 N - a wand of flame (18)
 O - a wand of digging (6)
Scrolls
 d - 3 scrolls of enchant armour
 e - 7 scrolls of remove curse
 n - a scroll of enchant weapon
 o - 4 scrolls of identify
 C - a scroll of fog {unknown}
 D - a scroll of teleportation
 E - a scroll of noise {unknown}
Potions
 h - a potion of agility
 i - 2 potions of resistance
 k - a potion of might
 m - 2 potions of curing
 t - a potion of brilliance
 v - a potion of cancellation
 z - 2 potions of flight
 B - a potion of ambrosia {unknown}
 I - 2 potions of magic
 J - a potion of lignification {unknown}
Miscellaneous
 P - a phial of floods
Comestibles
 c - 22 rations


   Skills:
 + Level 11.8 Fighting
 + Level 11.9 Axes
 - Level 4.0 Armour
 - Level 5.3 Dodging
 - Level 4.2 Stealth
 * Level 7.9 Shields


You had 11 spell levels left.
You didn't know any spells.
Your spell library was empty.

Dungeon Overview and Level Annotations

Branches:
Dungeon (11/15)            Temple (0/1) D:7            Lair (0/6) D:10
    Orc (0/2) D:9

Altars:
Cheibriados
Elyvilon
Fedhas
Hepliaklqana
Makhleb
Nemelex Xobeh
Vehumet
Wu Jian
Xom
Yredelemnul
Zin
The Shining One

Shops:
D:4 ?   D:11 %


Innate Abilities, Weirdness & Mutations

You are too large for most types of armour.
You have tough skin. (AC +1)


Message History

You hit the eye of draining. You hit the red ugly thing.
The red ugly thing punches you!
* * * LOW HITPOINT WARNING * * *
You are engulfed in flames!
* * * LOW HITPOINT WARNING * * *
You closely miss the red ugly thing.
The red ugly thing is heavily wounded.
You block the red ugly thing's attack.
You hit the red ugly thing.
The red ugly thing is heavily wounded.
The eye of draining gazes at you.
You feel your power leaking away.
You slash the red ugly thing!
The red ugly thing is severely wounded.
You hit the eye of draining but do no damage.
You block the red ugly thing's attack.
You slash the red ugly thing!
The red ugly thing is severely wounded.
You hit the eye of draining. The red ugly thing punches you!
You die...

######...## ....... ...
#....∩..$.# #............
#.........#
#......>.....##.........#
#.............#..........
#.............#.........#
#........................
#.........) #..#u.#
'...<...... #.@G#..#
#......>... ##..#..#..#
##...#### #..#..#..#..
####.÷.#######....#..#..#
#........................
#............###.......#
.............# ########
#.....÷......#
#............#


You could see a red ugly thing and an eye of draining.

Vanquished Creatures
  Harold (D:10)
  A hydra (D:11)
  A two-headed ogre (D:8)
  5 death yaks (D:10)
  Pikel (D:6)
  Maurice (D:9)
  A hippogriff (D:4)
  Sigmund (D:2)
  5 yaks (D:10)
  A hungry ghost (D:8)
  A water moccasin (D:5)
  5 orc warriors
  4 slaves (D:6)
  4 ice beasts
  A necrophage (D:7)
  5 phantoms
  A sky beast (D:8)
  12 ogres
  3 centaurs
  A big kobold (D:6)
  5 bullfrogs
  A gnoll sergeant (D:10)
  3 scorpions
  8 killer bees (D:8)
  3 wights (D:8)
  4 howler monkeys
  8 crimson imps
  A centaur zombie (D:8)
  11 orc priests
  9 hounds
  6 centaur skeletons
  3 jellies
  4 iguanas
  13 orc wizards
  9 worker ants
  A hound zombie (D:7)
  10 adders
  5 gnolls (D:10)
  6 shadow imps
  An ooze (D:4)
  An adder skeleton (D:8)
  3 worms
  3 dart slugs
  7 leopard geckos
  50 orcs
  6 bats
  7 giant cockroaches
  7 hobgoblins
  9 jackals
  3 quokkas
  A ball python (D:5)
  5 frilled lizards
  8 goblins
  A jackal skeleton (D:8)
  13 kobolds
  A leopard gecko zombie (D:5)
  2 quokka skeletons
  5 rats
298 creatures vanquished.

Vanquished Creatures (others)
  A cyclops (D:11)
  An orc wizard (D:6)
2 creatures vanquished.

Grand Total: 300 creatures vanquished

Notes
Turn   | Place    | Note
-------+----------+-------------------------------------------
     0 | D:1      | Destapler the Ogre Berserker began the quest for the Orb.
     0 | D:1      | Reached XP level 1. HP: 24/24 MP: 1/1
   204 | D:1      | Reached XP level 2. HP: 32/32 MP: 2/2
   629 | D:1      | Reached XP level 3. HP: 32/39 MP: 3/3
   771 | D:2      | Found a snail-covered altar of Cheibriados.
   856 | D:2      | Found a basalt altar of Yredelemnul.
   931 | D:2      | Reached ** piety under Trog
   990 | D:2      | Noticed Sigmund
   999 | D:2      | Killed Sigmund
   999 | D:2      | Reached XP level 4. HP: 42/48 MP: 4/4
   999 | D:2      | Reached XP level 5. HP: 47/54 MP: 5/5
  1317 | D:2      | Reached XP level 6. HP: 53/62 MP: 6/6
  1640 | D:3      | Found a radiant altar of Vehumet.
  1949 | D:3      | Found a burning altar of Makhleb.
  1950 | D:3      | Found a shimmering altar of Xom.
  2336 | D:4      | Found Resoroshun's Magic Scroll Boutique.
  2339 | D:4      | Bought a scroll of identify for 20 gold pieces
  2399 | D:4      | Noticed a phantom
  2443 | D:4      | Killed a phantom
  2443 | D:4      | Reached XP level 7. HP: 47/70 MP: 7/7
  2801 | D:4      | Noticed a hippogriff
  2812 | D:4      | Killed a hippogriff
  2812 | D:4      | Reached skill level 1 in Stealth
  2926 | D:4      | Reached XP level 8. HP: 36/79 MP: 8/8
  3231 | D:4      | Reached *** piety under Trog
  3253 | D:5      | Entered Level 5 of the Dungeon
  3335 | D:5      | Reached skill level 5 in Fighting
  3609 | D:5      | Found a glowing golden altar of the Shining One.
  3609 | D:5      | Found a glowing silver altar of Zin.
  3609 | D:5      | Found a white marble altar of Elyvilon.
  4142 | D:6      | Reached XP level 9. HP: 37/93 MP: 9/9
  4650 | D:6      | Reached **** piety under Trog
  4933 | D:6      | Noticed Pikel
  4943 | D:6      | Killed Pikel
  4943 | D:6      | Reached skill level 5 in Dodging
  5262 | D:7      | Reached skill level 10 in Axes
  5358 | D:7      | Found an ornate altar of the Wu Jian Council.
  5385 | D:7      | Reached XP level 10. HP: 101/106 MP: 10/10
  5463 | D:7      | Found a sparkling altar of Nemelex Xobeh.
  5487 | D:7      | Found a staircase to the Ecumenical Temple.
  5741 | D:7      | Reached skill level 1 in Shields
  5870 | D:7      | Got a dazzling trident
  5871 | D:7      | Identified the +4 trident of the Puffin {antimagic, rElec
                  | rPois rC- SInv} (You found it on level 7 of the Dungeon)
  6060 | D:8      | Reached ***** piety under Trog
  6175 | D:8      | Noticed a two-headed ogre
  6184 | D:8      | HP: 2/109 [two-headed ogre/+0 giant club (16)]
  6191 | D:8      | Killed a two-headed ogre
  6191 | D:8      | Reached skill level 10 in Fighting
  6942 | D:8      | Found a sparkling altar of Nemelex Xobeh.
  7208 | D:9      | Found a blossoming altar of Fedhas.
  7448 | D:9      | Found a hazy altar of Hepliaklqana.
  7487 | D:9      | Found a staircase to the Orcish Mines.
  7492 | D:9      | Noticed Maurice
  7510 | D:9      | Killed Maurice
  7510 | D:9      | Reached skill level 5 in Shields
  7930 | D:10     | Entered Level 10 of the Dungeon
  7989 | D:9      | Reached XP level 11. HP: 116/119 MP: 11/11
  8135 | D:10     | Noticed Harold
  8160 | D:10     | Killed Harold
  8349 | D:10     | Noticed a death yak
  8349 | D:10     | Noticed a death yak
  8349 | D:10     | Noticed a death yak
  8374 | D:10     | Killed a death yak
  8374 | D:10     | Reached skill level 1 in Armour
  8384 | D:10     | Killed a death yak
  8384 | D:10     | Noticed a death yak
  8389 | D:10     | Noticed a death yak
  8399 | D:10     | Killed a death yak
  8410 | D:10     | Killed a death yak
  8414 | D:10     | HP: 1/120 [death yak (18)]
  8418 | D:10     | Killed a death yak
  8698 | D:10     | Found a staircase to the Lair.
  8890 | D:10     | Received a gift from Trog
  9332 | D:11     | Identified a scroll of acquirement
  9429 | D:11     | Noticed a cyclops
  9431 | D:11     | Noticed a four-headed hydra
  9434 | D:11     | Killed a cyclops
  9439 | D:11     | Reached XP level 12. HP: 132/132 MP: 4/12
  9455 | D:11     | Killed a four-headed hydra
  9852 | D:11     | Found Vita's Food Emporium.
  9871 | D:11     | Slain by a red ugly thing

Levels and vault maps discovered:
D:1:      ebering_trefoil_3fold, layout_basic
D:2:      layout_loops_ring, yredelemnul_altar_generic, lemuel_crystal_altar,
          kennysheep_small_spiral, minmay_distorted, uniq_sigmund
D:3:      layout_loops_ring, grunt_temple_overflow_champion_of_chaos,
          vehumet_crystals, st_stairs_6
D:4:      layout_basic, serial_shops, kennysheep_mini_moat
D:5:      layout_basic, good_gods_mini_temple, first_ration
D:6:      minmay_clustersquares, layout_basic, uniq_pikel
D:7:      layout_loops_cross, lemuel_doored_altar, overflow_temple_1_default,
          temple_statues
D:8:      layout_rooms, basic_altar
D:9:      layout_irregular_city, nicolae_overflow_crystal_walls,
          fedhas_ov_isle_minmay, orc_0_dummy, grunt_pizzeria, uniq_maurice
D:10:     layout_loops_cross, dpeg_lair_monsters, special_room
          [special_room_orc], uniq_harold
D:11:     layout_roguey, serial_shops, shop, shop, shop,
          nicolae_shop_waterfront, minmay_misc_feat_diagonals, st_stairs_8

Skill      XL: |  1  2  3  4  5  6  7  8  9 10 11 12 |
---------------+-------------------------------------+-----
Axes           | 4 6 8 9 10 11 | 11.9
Dodging        | 3 4 5 |  5.3
Stealth        | 1 2 4 |  4.2
Fighting       | 7 8 10 11 | 11.8
Shields        | 5 7 |  7.9
Armour         | 3 4 |  4.0

Action                   |  1- 3 |  4- 6 |  7- 9 | 10-12 || total
-------------------------+-------+-------+-------+-------++-------
Melee: Hand axe          |   115 |   114 |   401 |   201 ||   831
       Trident           |       |       |       |   396 ||   396
Throw: Stone             |       |    25 |    18 |     5 ||    48
       Dart              |       |     3 |     7 |       ||    10
       Boomerang         |       |       |     3 |       ||     3
       Large rock        |       |       |     2 |    10 ||    12
Invok: Berserk           |     1 |     2 |     7 |     6 ||    16
       Trog's Hand       |       |       |     3 |     4 ||     7
  Use: Scroll            |       |       |     8 |     8 ||    16
       Potion            |       |       |     1 |     2 ||     3
 Stab: Sleeping          |       |       |     3 |     7 ||    10
       Distracted        |       |       |     1 |       ||     1
  Eat: Chunk             |       |     5 |    16 |    23 ||    44
       Ration            |       |     1 |       |       ||     1
Armor: Animal skin       |    42 |    31 |    39 |       ||   112
       Robe              |       |       |    23 |    61 ||    84
Dodge: Dodged            |    60 |    50 |   189 |   157 ||   456
Block: Other             |       |       |    16 |     1 ||    17
       Large shield      |       |       |       |   385 ||   385
       Reflection        |       |       |       |     7 ||     7
